Predators vs Sabres

Created - March 5 2011 at 11:18

Goals
1 2 3 T
Predators 1 0 0 1
Sabres 2 0 0 2
Shots
1 2 3 T
Predators 11 7 4 22
Sabres 15 7 11 33

Period #1

1. Predators , Shea Weber 5 (Simon Gagne, Marian Gaborik) at 9:40 (PP)
2. Sabres , Ryan Kesler 18 (Victor Hedman, Teemu Selanne) at 15:13 (PP)
3. Sabres , Teemu Selanne 26 (Ryan Kesler, Victor Hedman) at 19:03 (PP)

Penalties :
Scottie Upshall (NSH) for Slashing (Minor) at 2:19, Devin Setoguchi (BUF) for Fighting (Major) at 6:56, Nicklas Backstrom (NSH) for Fighting (Major) at 6:56, James Neal (BUF) for Interference (Minor) at 7:43, Luke Schenn (BUF) for Hooking (Minor) at 11:12, Zbynek Michalek (NSH) for Hooking (Minor) at 15:03, Zbynek Michalek (NSH) for Hooking (Minor) at 18:04

Period #2

No Goal

Penalties :
Jeff Schultz (BUF) for Tripping (Minor) at 0:47, Shea Weber (NSH) for High sticking (Minor) at 12:17, Braydon Coburn (NSH) for Hooking (Minor) at 15:34

Period #3

No Goal

Penalties :
Kyle Quincey (BUF) for Tripping (Minor) at 1:59, Braydon Coburn (NSH) for Tripping (Minor) at 10:26, Braydon Coburn (NSH) for Holding (Minor) at 14:13, Zbynek Michalek (NSH) for Hooking (Minor) at 18:11

Goalie Stats

Pekka Rinne (NSH), 31 saves from 33 shots - (0.939), L, 44-19-4, 60:00 minutes
Marty Turco (BUF), 21 saves from 22 shots - (0.955), W, 33-17-10, 60:00 minutes

Players Stats

Predators
Player Name              G  A  P  +/- PIM S  H  SB FO    MP 
------------------------------------------------------------
Braydon Coburn           0  0  0   0  6   0  2  2  0/0   18 
Brent Burns              0  0  0   0  0   0  2  3  0/0   21 
Colin Fraser             0  0  0   0  0   0  0  1  4/14  13 
Derek Morris             0  0  0   0  0   0  0  1  0/0   17 
Eric Nystrom             0  0  0   0  0   0  0  0  0/0   7  
Jeff Carter              0  0  0   0  0   2  0  0  12/24 19 
Marian Gaborik           0  1  1   0  0   0  0  0  0/1   13 
Milan Michalek           0  0  0   0  0   4  0  0  0/1   17 
Nicklas Backstrom        0  0  0   0  5   2  2  0  11/26 18 
Patric Hornqvist         0  0  0   0  0   0  1  0  0/0   11 
Patrik Elias             0  0  0   0  0   3  2  0  2/2   16 
Scottie Upshall          0  0  0   0  2   1  1  0  0/0   9  
Shea Weber               1  0  1   0  2   2  1  2  0/0   23 
Simon Gagne              0  1  1   0  0   1  1  0  0/2   20 
Steven Stamkos           0  0  0   0  0   6  2  0  11/18 15 
Tomas Kaberle            0  0  0   0  0   0  0  2  0/0   21 
Wayne Simmonds           0  0  0   0  0   1  0  0  1/1   12 
Zbynek Michalek          0  0  0   0  6   0  0  0  0/0   17 
Sabres
Player Name              G  A  P  +/- PIM S  H  SB FO    MP 
------------------------------------------------------------
Brian Gionta             0  0  0   0  0   10 0  0  0/3   20 
Chris Phillips           0  0  0   0  0   2  0  3  0/0   20 
David Legwand            0  0  0   0  0   1  0  1  7/15  16 
Devin Setoguchi          0  0  0   0  5   1  1  0  1/1   13 
Eric Fehr                0  0  0   0  0   1  0  0  0/0   4  
James Neal               0  0  0   0  2   1  1  0  1/3   20 
Jeff Schultz             0  0  0   0  2   0  1  3  0/0   22 
Johan Franzen            0  0  0   0  0   2  3  0  0/1   17 
Kyle Quincey             0  0  0   0  2   3  3  0  0/0   22 
Luke Schenn              0  0  0   0  2   1  3  1  0/0   17 
Michael Grabner          0  0  0   0  0   0  0  0  0/0   0  
Mike Richards            0  0  0   0  0   3  2  0  18/26 20 
Rickard Wallin           0  0  0   0  0   0  0  0  2/4   4  
Ryan Kesler              1  1  2   0  0   3  1  0  18/33 23 
Teemu Selanne            1  1  2   0  0   3  0  0  1/2   19 
Tuomo Ruutu              0  0  0   0  0   0  1  0  0/1   17 
Tyler Myers              0  0  0   0  0   1  0  0  0/0   22 
Victor Hedman            0  2  2   0  0   1  0  0  0/0   17 

3 Stars

1 - Marty Turco (BUF)
2 - Ryan Kesler (BUF)
3 - Teemu Selanne (BUF)

Power Play

Predators - 1 on 4 Attempt(s) - 25.00%
Sabres - 2 on 8 Attempt(s) - 25.00%

Penalty Kill

Predators - 6 on 8 Attempt(s) - 75.00% - Score 0 goal in Penalty Kill
Sabres - 3 on 4 Attempt(s) - 75.00% - Score 0 goal in Penalty Kill

Game Notes

Devin Setoguchi and Nicklas Backstrom fight to a draw at 6:56 of 1st period

Finance

Level 1 -- Attendance: 6500 (100.00%) -- Ticket Income $572,000.00
Level 2 -- Attendance: 5000 (100.00%) -- Ticket Income $250,000.00
Level 3 -- Attendance: 3500 (100.00%) -- Ticket Income $112,000.00
Level 4 -- Attendance: 2690 (100.00%) -- Ticket Income $48,420.00
Luxury Box -- Attendance: 1000 (100.00%) -- Ticket Income $186,000.00
Game was played at the HSBC Arena
Total Attendance: 18690 (100.00%)
Total Ticket Income: $1,222,665.00
Other Income: $194,760.30
Total Income: $1,417,425.00


Play by Play

Period #1

0:01 of 1st period - Mike Richards wins face-off versus Jeff Carter in neutral zone.
0:13 of 1st period - Icing by Brent Burns.
0:14 of 1st period - Ryan Kesler wins face-off versus Jeff Carter in Predators zone.
0:15 of 1st period - Shot by Tuomo Ruutu.
0:15 of 1st period - Shot Misses the Net.
0:50 of 1st period - Icing by Brent Burns.
0:51 of 1st period - Mike Richards wins face-off versus Jeff Carter in Predators zone.
0:54 of 1st period - Shot by Brian Gionta.
0:54 of 1st period - Stopped by Pekka Rinne without a rebound.
0:55 of 1st period - Mike Richards wins face-off versus Nicklas Backstrom in Predators zone.
0:56 of 1st period - Shot by Brian Gionta.
0:56 of 1st period - Shot Blocked by Braydon Coburn.
0:59 of 1st period - Icing by Braydon Coburn.
1:00 of 1st period - Nicklas Backstrom wins face-off versus David Legwand in Predators zone.
1:08 of 1st period - Icing by David Legwand.
1:09 of 1st period - Steven Stamkos wins face-off versus David Legwand in Sabres zone.
1:17 of 1st period - Icing by Victor Hedman.
1:18 of 1st period - Nicklas Backstrom wins face-off versus Johan Franzen in Sabres zone.
1:39 of 1st period - Devin Setoguchi is hit by Braydon Coburn and loses puck.
2:02 of 1st period - Shot by Brian Gionta.
2:02 of 1st period - Shot Misses the Net.
2:04 of 1st period - Shot by Tyler Myers.
2:04 of 1st period - Stopped by Pekka Rinne without a rebound.
2:05 of 1st period - Steven Stamkos wins face-off versus Ryan Kesler in Predators zone.
2:13 of 1st period - Steven Stamkos is hit by Luke Schenn and loses puck.
2:16 of 1st period - Shot by Steven Stamkos.
2:16 of 1st period - Stopped by Marty Turco without a rebound.
2:17 of 1st period - Mike Richards wins face-off versus Jeff Carter in Sabres zone.
2:17 of 1st period - James Neal is hit by Scottie Upshall and loses puck.
2:19 of 1st period - Minor Penalty to Scottie Upshall for Slashing.
2:20 of 1st period - Mike Richards wins face-off versus Colin Fraser in Predators zone.
2:23 of 1st period - Shot by James Neal.
2:23 of 1st period - Shot Hit the Post.
2:25 of 1st period - Shot by Jeff Schultz.
2:25 of 1st period - Shot Misses the Net.
2:56 of 1st period - James Neal is hit by Braydon Coburn and loses puck.
3:41 of 1st period - Shot by Johan Franzen.
3:41 of 1st period - Shot Blocked by Braydon Coburn.
3:49 of 1st period - Shot by Kyle Quincey.
3:49 of 1st period - Stopped by Pekka Rinne with a rebound.
4:21 of 1st period - Shot by Eric Fehr.
4:21 of 1st period - Stopped by Pekka Rinne without a rebound.
4:22 of 1st period - Patrik Elias wins face-off versus Tuomo Ruutu in Predators zone.
4:35 of 1st period - Shot by Patrik Elias.
4:35 of 1st period - Stopped by Marty Turco without a rebound.
4:36 of 1st period - Jeff Carter wins face-off versus David Legwand in Sabres zone.
4:43 of 1st period - Shot by Marian Gaborik.
4:43 of 1st period - Shot Misses the Net.
4:45 of 1st period - Shot by Jeff Carter.
4:45 of 1st period - Stopped by Marty Turco without a rebound.
4:46 of 1st period - Nicklas Backstrom wins face-off versus Ryan Kesler in Sabres zone.
4:57 of 1st period - Shot by Milan Michalek.
4:57 of 1st period - Stopped by Marty Turco without a rebound.
4:58 of 1st period - Steven Stamkos wins face-off versus Rickard Wallin in Sabres zone.
5:00 of 1st period - Patric Hornqvist is hit by Kyle Quincey and loses puck.
5:28 of 1st period - Shot by James Neal.
5:28 of 1st period - Shot Misses the Net.
5:49 of 1st period - Off-side.
5:50 of 1st period - David Legwand wins face-off versus Jeff Carter in neutral zone.
5:57 of 1st period - Shea Weber is hit by Devin Setoguchi and loses puck.
6:40 of 1st period - Shot by Tomas Kaberle.
6:40 of 1st period - Shot Misses the Net.
6:44 of 1st period - Shot by Milan Michalek.
6:44 of 1st period - Stopped by Marty Turco with a rebound.
6:46 of 1st period - Shot by Patrik Elias.
6:46 of 1st period - Shot Misses the Net.
6:56 of 1st period - Devin Setoguchi and Nicklas Backstrom fight to a draw.
6:56 of 1st period - Penalty to Devin Setoguchi for Fighting.
6:56 of 1st period - Penalty to Nicklas Backstrom for Fighting.
6:57 of 1st period - Ryan Kesler wins face-off versus Colin Fraser in Sabres zone.
7:14 of 1st period - Shot by Ryan Kesler.
7:14 of 1st period - Shot Blocked by Brent Burns.
7:16 of 1st period - Shot by Ryan Kesler.
7:16 of 1st period - Shot Blocked by Shea Weber.
7:18 of 1st period - Shot by Ryan Kesler.
7:18 of 1st period - Shot Blocked by Colin Fraser.
7:20 of 1st period - Shot by Teemu Selanne.
7:20 of 1st period - Shot Blocked by Brent Burns.
7:43 of 1st period - Minor Penalty to James Neal for Interference.
7:44 of 1st period - Ryan Kesler wins face-off versus Steven Stamkos in Sabres zone.
8:07 of 1st period - Shot by Simon Gagne.
8:07 of 1st period - Shot Misses the Net.
8:16 of 1st period - Off-side.
8:17 of 1st period - Ryan Kesler wins face-off versus Jeff Carter in neutral zone.
8:26 of 1st period - Shot by Jeff Carter.
8:26 of 1st period - Deflect By Steven Stamkos.
8:26 of 1st period - Stopped by Marty Turco without a rebound.
8:27 of 1st period - Jeff Carter wins face-off versus Ryan Kesler in Sabres zone.
8:34 of 1st period - Shot by Steven Stamkos.
8:34 of 1st period - Shot Blocked by Chris Phillips.
8:38 of 1st period - Shot by Patrik Elias.
8:38 of 1st period - Deflect By Steven Stamkos.
8:38 of 1st period - Shot Blocked by Chris Phillips.
8:40 of 1st period - Shot by Tomas Kaberle.
8:40 of 1st period - Shot Misses the Net.
8:42 of 1st period - Shot by Milan Michalek.
8:42 of 1st period - Stopped by Marty Turco with a rebound.
8:44 of 1st period - Shot by Patrik Elias.
8:44 of 1st period - Shot Blocked by Chris Phillips.
8:48 of 1st period - Shot by Steven Stamkos.
8:48 of 1st period - Stopped by Marty Turco without a rebound.
8:49 of 1st period - Colin Fraser wins face-off versus Mike Richards in Sabres zone.
9:06 of 1st period - Shot by Marian Gaborik.
9:06 of 1st period - Shot Misses the Net.
9:08 of 1st period - Shot by Colin Fraser.
9:08 of 1st period - Shot Misses the Net.
9:10 of 1st period - Shot by Marian Gaborik.
9:10 of 1st period - Shot Blocked by David Legwand.
9:12 of 1st period - Shot by Shea Weber.
9:12 of 1st period - Stopped by Marty Turco without a rebound.
9:13 of 1st period - Jeff Carter wins face-off versus Ryan Kesler in Sabres zone.
9:28 of 1st period - Shot by Patrik Elias.
9:28 of 1st period - Stopped by Marty Turco without a rebound.
9:29 of 1st period - Jeff Carter wins face-off versus Ryan Kesler in Sabres zone.
9:38 of 1st period - Shot by Simon Gagne.
9:38 of 1st period - Shot Misses the Net.
9:40 of 1st period - Shot by Shea Weber.
9:40 of 1st period - Goal by Shea Weber - Predators : 1 - Sabres : 0.
9:41 of 1st period - David Legwand wins face-off versus Steven Stamkos in neutral zone.
9:50 of 1st period - Shot by Johan Franzen.
9:50 of 1st period - Shot Misses the Net.
9:59 of 1st period - Icing by Zbynek Michalek.
10:00 of 1st period - Ryan Kesler wins face-off versus Steven Stamkos in Predators zone.
10:04 of 1st period - Icing by Zbynek Michalek.
10:05 of 1st period - Mike Richards wins face-off versus Steven Stamkos in Predators zone.
11:00 of 1st period - Steven Stamkos is hit by Luke Schenn and loses puck.
11:11 of 1st period - Shot by Marian Gaborik.
11:11 of 1st period - Deflect By Jeff Carter.
11:11 of 1st period - Shot Blocked by Jeff Schultz.
11:12 of 1st period - Minor Penalty to Luke Schenn for Hooking.
11:13 of 1st period - Jeff Carter wins face-off versus David Legwand in Sabres zone.
11:38 of 1st period - Icing by David Legwand.
11:39 of 1st period - David Legwand wins face-off versus Colin Fraser in Sabres zone.
11:52 of 1st period - Shot by Ryan Kesler.
11:52 of 1st period - Shot Misses the Net.
11:56 of 1st period - Shot by Johan Franzen.
11:56 of 1st period - Stopped by Pekka Rinne with a rebound.
13:12 of 1st period - Shot by Patrik Elias.
13:12 of 1st period - Shot Blocked by Jeff Schultz.
13:15 of 1st period - Icing by Luke Schenn.
13:16 of 1st period - Patrik Elias wins face-off versus James Neal in Sabres zone.
13:16 of 1st period - Patrik Elias is hit by Luke Schenn.
14:11 of 1st period - Off-side.
14:12 of 1st period - Colin Fraser wins face-off versus Brian Gionta in neutral zone.
14:38 of 1st period - Icing by Tyler Myers.
14:39 of 1st period - Steven Stamkos wins face-off versus Mike Richards in Sabres zone.
14:56 of 1st period - Shot by Steven Stamkos.
14:56 of 1st period - Shot Misses the Net.
15:03 of 1st period - Minor Penalty to Zbynek Michalek for Hooking.
15:04 of 1st period - Ryan Kesler wins face-off versus Jeff Carter in Predators zone.
15:11 of 1st period - Shot by Victor Hedman.
15:11 of 1st period - Shot Misses the Net.
15:13 of 1st period - Shot by Ryan Kesler.
15:13 of 1st period - Goal by Ryan Kesler - Predators : 1 - Sabres : 1.
15:14 of 1st period - Jeff Carter wins face-off versus Teemu Selanne in neutral zone.
15:23 of 1st period - Shea Weber is hit by Tuomo Ruutu and loses puck.
15:57 of 1st period - Icing by Jeff Schultz.
15:58 of 1st period - Steven Stamkos wins face-off versus Ryan Kesler in Sabres zone.
16:03 of 1st period - Shot by Steven Stamkos.
16:03 of 1st period - Shot Misses the Net.
16:22 of 1st period - Shot by Johan Franzen.
16:22 of 1st period - Deflect By Devin Setoguchi.
16:22 of 1st period - Stopped by Pekka Rinne with a rebound.
16:24 of 1st period - Shot by David Legwand.
16:24 of 1st period - Stopped by Pekka Rinne without a rebound.
16:25 of 1st period - Nicklas Backstrom wins face-off versus Mike Richards in Predators zone.
16:52 of 1st period - Shot by Mike Richards.
16:52 of 1st period - Shot Misses the Net.
16:54 of 1st period - Shot by Brian Gionta.
16:54 of 1st period - Stopped by Pekka Rinne without a rebound.
16:55 of 1st period - Colin Fraser wins face-off versus David Legwand in Predators zone.
17:14 of 1st period - Shot by Devin Setoguchi.
17:14 of 1st period - Shot Misses the Net.
17:16 of 1st period - Shot by Kyle Quincey.
17:16 of 1st period - Stopped by Pekka Rinne with a rebound.
17:21 of 1st period - David Legwand is hit by Brent Burns and loses puck.
17:36 of 1st period - Shot by Johan Franzen.
17:36 of 1st period - Stopped by Pekka Rinne without a rebound.
17:37 of 1st period - Steven Stamkos wins face-off versus Brian Gionta in Predators zone.
17:44 of 1st period - Shot by Steven Stamkos.
17:44 of 1st period - Shot Misses the Net.
18:04 of 1st period - Shot by Brian Gionta.
18:04 of 1st period - Stopped by Pekka Rinne without a rebound.
18:04 of 1st period - Minor Penalty to Zbynek Michalek for Hooking.
18:05 of 1st period - Wayne Simmonds wins face-off versus Ryan Kesler in Predators zone.
18:14 of 1st period - Shot by Kyle Quincey.
18:14 of 1st period - Stopped by Pekka Rinne without a rebound.
18:15 of 1st period - Mike Richards wins face-off versus Jeff Carter in Predators zone.
18:34 of 1st period - Shot by James Neal.
18:34 of 1st period - Shot Misses the Net.
18:38 of 1st period - Shot by Brian Gionta.
18:38 of 1st period - Deflect By James Neal.
18:38 of 1st period - Shot Blocked by Shea Weber.
18:40 of 1st period - Shot by Mike Richards.
18:40 of 1st period - Shot Misses the Net.
18:44 of 1st period - Shot by Brian Gionta.
18:44 of 1st period - Stopped by Pekka Rinne without a rebound.
18:45 of 1st period - Jeff Carter wins face-off versus Ryan Kesler in Predators zone.
18:45 of 1st period - Jeff Carter is hit by Johan Franzen.
19:03 of 1st period - Shot by Teemu Selanne.
19:03 of 1st period - Goal by Teemu Selanne - Predators : 1 - Sabres : 2.
19:04 of 1st period - Ryan Kesler wins face-off versus Nicklas Backstrom in neutral zone.
19:13 of 1st period - Shot by Teemu Selanne.
19:13 of 1st period - Shot Blocked by Tomas Kaberle.

Period #2

0:01 of 2nd period - Mike Richards wins face-off versus Jeff Carter in neutral zone.
0:18 of 2nd period - Shot by Brian Gionta.
0:18 of 2nd period - Shot Misses the Net.
0:20 of 2nd period - Shot by Chris Phillips.
0:20 of 2nd period - Stopped by Pekka Rinne without a rebound.
0:21 of 2nd period - Nicklas Backstrom wins face-off versus Ryan Kesler in Predators zone.
0:47 of 2nd period - Shot by Nicklas Backstrom.
0:47 of 2nd period - Stopped by Marty Turco without a rebound.
0:47 of 2nd period - Minor Penalty to Jeff Schultz for Tripping.
0:48 of 2nd period - Ryan Kesler wins face-off versus Nicklas Backstrom in Sabres zone.
3:36 of 2nd period - Shot by Wayne Simmonds.
3:36 of 2nd period - Stopped by Marty Turco without a rebound.
3:37 of 2nd period - Rickard Wallin wins face-off versus Jeff Carter in Sabres zone.
3:48 of 2nd period - Shot by Scottie Upshall.
3:48 of 2nd period - Shot Misses the Net.
3:59 of 2nd period - Icing by Marian Gaborik.
4:00 of 2nd period - Jeff Carter wins face-off versus David Legwand in Predators zone.
4:16 of 2nd period - Icing by Kyle Quincey.
4:17 of 2nd period - David Legwand wins face-off versus Steven Stamkos in Sabres zone.
5:08 of 2nd period - Kyle Quincey is hit by Patric Hornqvist and loses puck.
5:20 of 2nd period - Icing by Simon Gagne.
5:21 of 2nd period - Steven Stamkos wins face-off versus Mike Richards in Predators zone.
5:21 of 2nd period - Steven Stamkos is hit by Mike Richards.
5:34 of 2nd period - Shot by Mike Richards.
5:34 of 2nd period - Shot Misses the Net.
5:36 of 2nd period - Shot by Tyler Myers.
5:36 of 2nd period - Shot Misses the Net.
5:40 of 2nd period - Shot by Brian Gionta.
5:40 of 2nd period - Stopped by Pekka Rinne without a rebound.
5:41 of 2nd period - Ryan Kesler wins face-off versus Nicklas Backstrom in Predators zone.
5:44 of 2nd period - Shot by Teemu Selanne.
5:44 of 2nd period - Shot Misses the Net.
6:02 of 2nd period - Nicklas Backstrom is hit by Jeff Schultz and loses puck.
6:05 of 2nd period - Shot by Patrik Elias.
6:05 of 2nd period - Shot Blocked by Luke Schenn.
6:07 of 2nd period - Shot by Braydon Coburn.
6:07 of 2nd period - Shot Misses the Net.
6:09 of 2nd period - Shot by Milan Michalek.
6:09 of 2nd period - Stopped by Marty Turco without a rebound.
6:10 of 2nd period - Jeff Carter wins face-off versus Mike Richards in Sabres zone.
6:57 of 2nd period - Icing by Tyler Myers.
6:58 of 2nd period - Mike Richards wins face-off versus Nicklas Backstrom in Sabres zone.
7:08 of 2nd period - Off-side.
7:09 of 2nd period - Ryan Kesler wins face-off versus Nicklas Backstrom in neutral zone.
7:24 of 2nd period - Shot by Teemu Selanne.
7:24 of 2nd period - Shot Misses the Net.
8:28 of 2nd period - Icing by Kyle Quincey.
8:29 of 2nd period - Steven Stamkos wins face-off versus David Legwand in Sabres zone.
8:32 of 2nd period - Shot by Simon Gagne.
8:32 of 2nd period - Shot Misses the Net.
8:34 of 2nd period - Shot by Steven Stamkos.
8:34 of 2nd period - Stopped by Marty Turco without a rebound.
8:35 of 2nd period - Mike Richards wins face-off versus Simon Gagne in Sabres zone.
8:35 of 2nd period - Mike Richards is hit by Steven Stamkos.
8:41 of 2nd period - Shot by Mike Richards.
8:41 of 2nd period - Shot Misses the Net.
8:59 of 2nd period - Shot by Simon Gagne.
8:59 of 2nd period - Stopped by Marty Turco without a rebound.
9:00 of 2nd period - Rickard Wallin wins face-off versus Nicklas Backstrom in Sabres zone.
9:00 of 2nd period - Rickard Wallin is hit by Nicklas Backstrom.
9:28 of 2nd period - Patrik Elias is hit by Kyle Quincey and loses puck.
10:09 of 2nd period - Off-side.
10:10 of 2nd period - Steven Stamkos wins face-off versus Ryan Kesler in neutral zone.
10:51 of 2nd period - Shot by Simon Gagne.
10:51 of 2nd period - Shot Misses the Net.
11:25 of 2nd period - Johan Franzen is hit by Shea Weber and loses puck.
12:17 of 2nd period - Minor Penalty to Shea Weber for High sticking.
12:18 of 2nd period - Mike Richards wins face-off versus Nicklas Backstrom in Predators zone.
12:40 of 2nd period - Shot by Mike Richards.
12:40 of 2nd period - Stopped by Pekka Rinne with a rebound.
12:44 of 2nd period - Shot by Brian Gionta.
12:44 of 2nd period - Stopped by Pekka Rinne without a rebound.
12:45 of 2nd period - Nicklas Backstrom wins face-off versus Ryan Kesler in Predators zone.
14:04 of 2nd period - Zbynek Michalek is hit by Johan Franzen and loses puck.
14:57 of 2nd period - Icing by Chris Phillips.
14:58 of 2nd period - Nicklas Backstrom wins face-off versus Rickard Wallin in Sabres zone.
15:33 of 2nd period - Shot by Johan Franzen.
15:33 of 2nd period - Shot Misses the Net.
15:34 of 2nd period - Minor Penalty to Braydon Coburn for Hooking.
15:35 of 2nd period - Mike Richards wins face-off versus Colin Fraser in Predators zone.
15:46 of 2nd period - Shot by Mike Richards.
15:46 of 2nd period - Shot Blocked by Derek Morris.
15:48 of 2nd period - Shot by Luke Schenn.
15:48 of 2nd period - Deflect By Brian Gionta.
15:48 of 2nd period - Stopped by Pekka Rinne with a rebound.
15:50 of 2nd period - Shot by Tyler Myers.
15:50 of 2nd period - Shot Misses the Net.
16:23 of 2nd period - Shot by Victor Hedman.
16:23 of 2nd period - Stopped by Pekka Rinne with a rebound.
16:27 of 2nd period - Shot by Teemu Selanne.
16:27 of 2nd period - Shot Misses the Net.
16:47 of 2nd period - Shot by Teemu Selanne.
16:47 of 2nd period - Stopped by Pekka Rinne without a rebound.
16:48 of 2nd period - Jeff Carter wins face-off versus Mike Richards in Predators zone.
17:45 of 2nd period - Shot by Brian Gionta.
17:45 of 2nd period - Shot Blocked by Tomas Kaberle.
17:52 of 2nd period - Icing by Milan Michalek.
17:53 of 2nd period - Nicklas Backstrom wins face-off versus Ryan Kesler in Predators zone.
18:26 of 2nd period - Shot by Scottie Upshall.
18:26 of 2nd period - Stopped by Marty Turco without a rebound.
18:27 of 2nd period - David Legwand wins face-off versus Steven Stamkos in Sabres zone.
18:56 of 2nd period - Shot by Steven Stamkos.
18:56 of 2nd period - Stopped by Marty Turco without a rebound.
18:57 of 2nd period - Colin Fraser wins face-off versus James Neal in Sabres zone.

Period #3

0:01 of 3rd period - James Neal wins face-off versus Jeff Carter in neutral zone.
0:08 of 3rd period - Shot by James Neal.
0:08 of 3rd period - Stopped by Pekka Rinne without a rebound.
0:09 of 3rd period - Teemu Selanne wins face-off versus Milan Michalek in Predators zone.
0:10 of 3rd period - Shot by Ryan Kesler.
0:10 of 3rd period - Stopped by Pekka Rinne without a rebound.
0:11 of 3rd period - Mike Richards wins face-off versus Nicklas Backstrom in Predators zone.
0:44 of 3rd period - Shot by James Neal.
0:44 of 3rd period - Deflect By Mike Richards.
0:44 of 3rd period - Stopped by Pekka Rinne without a rebound.
0:45 of 3rd period - Ryan Kesler wins face-off versus Marian Gaborik in Predators zone.
1:59 of 3rd period - Minor Penalty to Kyle Quincey for Tripping.
2:00 of 3rd period - Ryan Kesler wins face-off versus Nicklas Backstrom in Sabres zone.
2:00 of 3rd period - Ryan Kesler is hit by Steven Stamkos.
2:37 of 3rd period - Icing by Tomas Kaberle.
2:38 of 3rd period - Ryan Kesler wins face-off versus Nicklas Backstrom in Predators zone.
3:09 of 3rd period - Shot by Jeff Carter.
3:09 of 3rd period - Shot Blocked by Jeff Schultz.
4:18 of 3rd period - Icing by Victor Hedman.
4:19 of 3rd period - Devin Setoguchi wins face-off versus Colin Fraser in Sabres zone.
4:37 of 3rd period - Icing by Victor Hedman.
4:38 of 3rd period - David Legwand wins face-off versus Nicklas Backstrom in Sabres zone.
5:15 of 3rd period - Shot by Ryan Kesler.
5:15 of 3rd period - Stopped by Pekka Rinne without a rebound.
5:16 of 3rd period - Steven Stamkos wins face-off versus Mike Richards in Predators zone.
5:39 of 3rd period - Shot by Brian Gionta.
5:39 of 3rd period - Stopped by Pekka Rinne without a rebound.
5:40 of 3rd period - Ryan Kesler wins face-off versus Colin Fraser in Predators zone.
5:45 of 3rd period - Shot by Teemu Selanne.
5:45 of 3rd period - Shot Blocked by Brent Burns.
5:47 of 3rd period - Shot by Luke Schenn.
5:47 of 3rd period - Stopped by Pekka Rinne without a rebound.
5:48 of 3rd period - Ryan Kesler wins face-off versus Colin Fraser in Predators zone.
5:48 of 3rd period - Ryan Kesler is hit by Brent Burns.
6:24 of 3rd period - Icing by Luke Schenn.
6:25 of 3rd period - Steven Stamkos wins face-off versus Ryan Kesler in Sabres zone.
6:34 of 3rd period - Shot by Steven Stamkos.
6:34 of 3rd period - Stopped by Marty Turco without a rebound.
6:35 of 3rd period - Nicklas Backstrom wins face-off versus Mike Richards in Sabres zone.
6:38 of 3rd period - Shot by Patrik Elias.
6:38 of 3rd period - Stopped by Marty Turco without a rebound.
6:39 of 3rd period - Mike Richards wins face-off versus Steven Stamkos in Sabres zone.
6:58 of 3rd period - Shot by Mike Richards.
6:58 of 3rd period - Stopped by Pekka Rinne without a rebound.
6:59 of 3rd period - David Legwand wins face-off versus Nicklas Backstrom in Predators zone.
7:22 of 3rd period - Devin Setoguchi is hit by Patrik Elias.
9:29 of 3rd period - Icing by Jeff Schultz.
9:30 of 3rd period - Nicklas Backstrom wins face-off versus Ryan Kesler in Sabres zone.
10:26 of 3rd period - Minor Penalty to Braydon Coburn for Tripping.
10:27 of 3rd period - Mike Richards wins face-off versus Colin Fraser in Predators zone.
10:44 of 3rd period - Shot by Brian Gionta.
10:44 of 3rd period - Stopped by Pekka Rinne without a rebound.
10:45 of 3rd period - Ryan Kesler wins face-off versus Simon Gagne in Predators zone.
11:27 of 3rd period - Jeff Carter is hit by Ryan Kesler and loses puck.
12:55 of 3rd period - Shot by Chris Phillips.
12:55 of 3rd period - Stopped by Pekka Rinne without a rebound.
12:56 of 3rd period - Jeff Carter wins face-off versus Ryan Kesler in Predators zone.
13:11 of 3rd period - Icing by Shea Weber.
13:12 of 3rd period - Jeff Carter wins face-off versus David Legwand in Predators zone.
13:12 of 3rd period - Jeff Carter is hit by Johan Franzen.
13:33 of 3rd period - Shot by Scottie Upshall.
13:33 of 3rd period - Deflect By Jeff Carter.
13:33 of 3rd period - Stopped by Marty Turco without a rebound.
13:34 of 3rd period - Mike Richards wins face-off versus Nicklas Backstrom in Sabres zone.
13:34 of 3rd period - Mike Richards is hit by Patrik Elias.
13:51 of 3rd period - Mike Richards is hit by Nicklas Backstrom and loses puck.
13:56 of 3rd period - Milan Michalek is hit by Mike Richards and loses puck.
14:13 of 3rd period - Minor Penalty to Braydon Coburn for Holding.
14:14 of 3rd period - Ryan Kesler wins face-off versus Jeff Carter in Predators zone.
14:38 of 3rd period - Shot by Teemu Selanne.
14:38 of 3rd period - Stopped by Pekka Rinne without a rebound.
14:39 of 3rd period - Mike Richards wins face-off versus Colin Fraser in Predators zone.
14:44 of 3rd period - Shot by Brian Gionta.
14:44 of 3rd period - Stopped by Pekka Rinne without a rebound.
14:45 of 3rd period - Mike Richards wins face-off versus Colin Fraser in Predators zone.
15:32 of 3rd period - Jeff Carter is hit by Kyle Quincey and loses puck.
16:26 of 3rd period - Shot by Patrik Elias.
16:26 of 3rd period - Shot Misses the Net.
16:30 of 3rd period - Shot by Patrik Elias.
16:30 of 3rd period - Shot Misses the Net.
16:34 of 3rd period - Shot by Nicklas Backstrom.
16:34 of 3rd period - Stopped by Marty Turco without a rebound.
16:35 of 3rd period - Ryan Kesler wins face-off versus Nicklas Backstrom in Sabres zone.
18:07 of 3rd period - Brian Gionta is hit by Simon Gagne and loses puck.
18:11 of 3rd period - Minor Penalty to Zbynek Michalek for Hooking.
18:12 of 3rd period - Nicklas Backstrom wins face-off versus Brian Gionta in Predators zone.
18:23 of 3rd period - Shea Weber is hit by James Neal and loses puck.


Output by the SimonT Hockey Simulator (STHS) for Stephane Roy -- Original Page W3C XHTML 1.0 Valid